 Dungeon Crawl Stone Soup version 0.29-a0-885-gb26ba3297d (webtiles) character file.

Game seed: 6881759593386216288

198 zeratav the Stinger (level 5, 0/31 HPs)
             Began as an Octopode Venom Mage on July 20, 2022.
             Blown up by Ijyb (17 damage)
             ... with a mindburst bolt
             ... on level 3 of the Dungeon.
             The game lasted 00:03:47 (3703 turns).

zeratav the Stinger (Octopode Venom Mage)           Turns: 3703, Time: 00:03:48

Health: 0/31       AC:  5    Str:  7    XL:     5   Next: 77%
Magic:  6/8        EV: 13    Int: 20    God:
Gold:   112        SH:  0    Dex: 12    Spells: 5/8 levels left

rFire   + . .      SeeInvis .   i - +1 dagger (venom) {short}
rCold   . . .      Faith    .   (no shield)
rNeg    . . .      Spirit   .   (helmet restricted)
rPois   .          Reflect  .   (no amulet)
rElec   .          Harm     .   f - +4 ring of protection
rCorr   .          Rampage  .   n - ring of protection from fire
Will    .....                   (no ring)
Stlth   ++++......              (no ring)
HPRegen 0.10/turn               (no ring)
MPRegen 0.11/turn               (no ring)
                                (no ring)
                                (no ring)

@: no status effects
A: almost no armour, amphibious, 8 rings, camouflage 1, gelatinous body 1,
(nimble swimmer 1), tentacles
a: no special abilities


You were on level 3 of the Dungeon.
You visited 1 branch of the dungeon, and saw 3 of its levels.

You collected 112 gold pieces.


Innate Abilities, Weirdness & Mutations

You cannot wear most types of armour.
You are amphibious.
You can wear up to eight rings at the same time.
Your skin changes colour to match your surroundings (Stealth+).
Your rubbery body absorbs attacks. (AC +1, EV +1)
((You are camouflaged when in or above water. (Stealth+)))
You have tentacles for arms and can constrict up to eight enemies at once.


   Skills:
 - Level 2.0 Dodging
 - Level 5.0 Stealth
 - Level 2.0 Spellcasting
 - Level 1.0 Transmutations
 + Level 6.6 Poison Magic


You had 5 spell levels left.
You knew the following spells:

 Your Spells              Type           Power      Damage    Failure   Level
a - Sting                 Tmut/Pois      68%        1d6       3%          1
b - Poisonous Vapours     Pois/Air       30%        N/A       6%          2

Your spell library contained the following spells:

 Spells                   Type           Power      Damage    Failure   Level
 Spider Form              Tmut/Pois      17%        N/A       10%         3
 Beastly Appendage        Tmut           12%        N/A       11%         1
 Olgreb's Toxic Radiance  Pois           28%        N/A       11%         4
 Necrotise                Necr           8%         1d4       16%         1
 Wereblood                Tmut           6%         N/A       16%         2
 Mephitic Cloud           Conj/Pois/Air  10%        N/A       19%         3
 Scorch                   Fire           4%         2d5       24%         2
 Vampiric Draining        Necr           2%         2d6       43%         3
 Flame Wave               Conj/Fire      2%         2d4       83%         4
 Agony                    Necr           2%         N/A       99%         5
 Summon Cactus Giant      Summ           1%         N/A       100%        6

Inventory:

Hand Weapons
 b - a +0 spear {polearm}
   (You found it on level 1 of the Dungeon)
 i - a +1 dagger of venom (weapon) {short}
   (You took it off an orc wizard on level 3 of the Dungeon)
Jewellery
 f - a +4 ring of protection (left tentacle)
   (You found it on level 1 of the Dungeon)
 n - a ring of protection from fire (right tentacle)
   (You found it on level 2 of the Dungeon)
Scrolls
 c - a scroll of poison {!r}
 e - 2 scrolls of teleportation {@r4}
 h - 2 scrolls of magic mapping {!r}
 j - 2 scrolls of enchant armour
 k - a scroll of butterflies
 p - a scroll of fear {unknown}
 q - a scroll of immolation {unknown}
Potions
 a - 2 potions of magic
 d - 3 potions of curing {unknown}
 g - a potion of might {unknown}
 l - a potion of ambrosia {unknown}
 m - 2 potions of lignification {unknown}
 o - a potion of heal wounds {unknown}

Dungeon Overview and Level Annotations

Branches:
Dungeon (3/15) Zot: 14286

Altars:
Yredelemnul

Annotations:
D:3 Ijyb

### #...<......... ..#
#........>.... ### #.............
####################.............
..................[...........<##
################################
................(.......#####
#######################.....#####
......g@....##..........
###########.##.......### .#
#.##.......#.. #.# #.##.......#.#
#.# #.##.......#.# ## #.#
#.##.......#.# .# #.#
#.######'#...# .# #.#######
#.##.........# .#####........
#.##..........


You could see Ijyb (very poisoned).


Message History

You pick up a book of Scorching and begin reading...
You add the spells Scorch, Flame Wave and Summon Cactus Giant to your library.
A hobgoblin comes into view.
A bat comes into view.
The helpless bat fails to defend itself.
You puncture the bat!
You kill the bat!
The hobgoblin barely misses you.
You hit the hobgoblin but do no damage.
The hobgoblin is poisoned.
You grab the hobgoblin. You constrict the hobgoblin.
The hobgoblin barely misses you.
You hit the hobgoblin.
The hobgoblin looks even sicker.
You constrict the hobgoblin.
You kill the hobgoblin!
No target in view!
No target in view!
No target in view!
No target in view!
No target in view!
No target in view!
No target in view!
No target in view!
No target in view!
No target in view!
No target in view!
No target in view!
No target in view!
No target in view!
No target in view!
An endoplasm comes into view.
The endoplasm quivers.
An endoplasm is nearby!
An endoplasm is nearby!
An endoplasm is nearby!
A goblin comes into view. It is wielding a +0 club.
The endoplasm freezes you.
You are frozen.
HP[-3]
You take 3 damage, and now have 28/31 hp.
You hit the endoplasm. You squeeze the endoplasm.
You kill the endoplasm!
HP[+1]
The helpless goblin fails to defend itself.
You puncture the goblin!
You kill the goblin!
No target in view!
No target in view!
No target in view!
No target in view!
No target in view!
No target in view!
No target in view!
No target in view!
No target in view!
No target in view!
No target in view!
No target in view!
No target in view!
No target in view!
You see here a +0 club {mace}.
You see here a +0 club {mace}.
You see here a +0 spear {polearm}.
Key pressed, stopping explore.
You see here 4 boomerangs {throwing}.
d - 3 fizzy purple potions (gained 1)
Things that are here:
a +0 dagger {short}; a goblin skeleton
Things that are here:
a +0 club {mace}; a stone {throwing}; a kobold skeleton Key pressed, stopping explore.
There is an open door here.
Ijyb the Twisted Goblin comes into view.
She is wielding a +0 club and carrying a wand of mindburst (6).
HP[+2]
Your hp is fully restored (31).
Ijyb shouts!
You barely miss Ijyb. You grab Ijyb. You squeeze Ijyb.
You constrict Ijyb, but do no damage. Ijyb closely misses you.
You barely miss Ijyb. You squeeze Ijyb. You constrict Ijyb.
Ijyb barely misses you.
You hit Ijyb. You constrict Ijyb, but do no damage. Ijyb closely misses you.
You hit Ijyb but do no damage. Your squeeze misses Ijyb.
You constrict Ijyb, but do no damage. Ijyb completely misses you.
You hit Ijyb but do no damage.
Ijyb is poisoned.
You squeeze Ijyb, but do no damage. You constrict Ijyb.
Ijyb zaps a wand.
Your mind is blasted!
HP[-15]
You take 15 damage, and now have 16/31 hp.
MASSIVE DAMAGE!! (PAUSE)
Casting: Poisonous Vapours (safe; 6% risk of failure)
Confirm with . or Enter, or press ? or * to list all spells.
Aiming: Poisonous Vapours (safe; 6% risk of failure)
Press: ? - help, Dir - move target, f - Ijyb
Aim: Ijyb, wielding a +0 club, wearing a +0 leather armour and carrying a wand of mindburst (5) (lightly wounded, constricted by you, very poisoned) Poisonous vapours surround Ijyb!
Ijyb looks even sicker.
You constrict Ijyb, but do no damage.
Ijyb zaps a wand.
Your mind is blasted!
Ouch! That really hurt!
You die...

Skill      XL: |  1  2  3  4  5 |
---------------+----------------+-----
Stealth        | 3 4 5 |  5.0
Poison Magic   | 4 5 6 |  6.6
Dodging        | |  2.0
Spellcasting   | |  2.0
Transmutations | |  1.0

Action                   |  1- 3 |  4- 6 || total
-------------------------+-------+-------++-------
Melee: Spear             |    90 |    18 ||   108
       Tentacles         |    14 |    10 ||    24
       Constrict         |    14 |     7 ||    21
       Unarmed           |     1 |       ||     1
       Dagger            |       |    26 ||    26
 Cast: Sting             |     9 |    24 ||    33
       Poisonous Vapours |       |     2 ||     2
  Use: Scroll            |     5 |       ||     5
 Stab: Sleeping          |    21 |     8 ||    29
       Distracted        |       |     1 ||     1
Armor: Skin              |    10 |    13 ||    23
Dodge: Dodged            |    33 |    29 ||    62

Levels and vault maps discovered:
D:1:      scummos_arrival_star, layout_loops_corners,
          dreamdust_ecumenical_altar_hidden_monk_grotto, minmay_cupped
D:2:      layout_loops_ring
D:3:      layout_basic, mainiacjoe_overflow_cross_hatched,
          hangedman_decor_clover_reticule, uniq_ijyb

Notes
Turn   | Place    | Note
-------+----------+-------------------------------------------
     0 | D:1      | zeratav the Octopode Venom Mage began the quest for the
                  | Orb.
     0 | D:1      | Reached XP level 1. HP: 11/11 MP: 3/3
     0 | D:1      | magus.rc [v1.9.6]
    96 | D:1      | Reached skill level 3 in Stealth
   217 | D:1      | Reached XP level 2. HP: 17/17 MP: 5/5
   231 | D:1      | Reached skill level 4 in Poison Magic
   778 | D:1      | Reached skill level 4 in Stealth
   778 | D:1      | Reached XP level 3. HP: 19/21 MP: 0/6
  1014 | D:1      | Found a faded altar of an unknown god.
  2010 | D:3      | Reached XP level 4. HP: 27/27 MP: 5/7
  2032 | D:3      | You pick up a book of Changes and begin reading...
  2032 | D:3      | You add the spells Beastly Appendage, Wereblood and Spider
                  | Form to your library.
  2128 | D:3      | Reached skill level 5 in Poison Magic
  2144 | D:3      | Reached skill level 5 in Stealth
  2492 | D:3      | Reached XP level 5. HP: 22/31 MP: 2/8
  2621 | D:3      | Reached skill level 6 in Poison Magic
  2673 | D:3      | Found a basalt altar of Yredelemnul.
  2800 | D:3      | Learned a level 2 spell: Poisonous Vapours
  3321 | D:3      | You pick up a book of Necromancy and begin reading...
  3321 | D:3      | You add the spells Necrotise, Vampiric Draining and Agony
                  | to your library.
  3381 | D:3      | You pick up a book of Scorching and begin reading...
  3381 | D:3      | You add the spells Scorch, Flame Wave and Summon Cactus
                  | Giant to your library.
  3693 | D:3      | Noticed Ijyb
  3703 | D:3      | Blown up by Ijyb

Vanquished Creatures
  2 orc wizards (D:3)
  3 adders (D:3)
  5 gnolls
  6 dart slugs
  2 orcs (D:3)
  9 bats
  7 endoplasms
  A giant cockroach (D:2)
  7 hobgoblins
  4 quokkas
  2 ball pythons
  A frilled lizard (D:1)
  4 goblins
  6 kobolds
  5 rats
64 creatures vanquished.

Vanquished Creatures (others)
  2 fungi (D:1)
  3 plants (D:1)
5 creatures vanquished.

Grand Total: 69 creatures vanquished

Table legend:
 A = Non-vault XP
 B = Vault XP
 C = Vault XP percentage of total XP
 D = Non-vault monster count
 E = Vault monster count
 F = Vault count percentage of total count
                 A         B        C        D         E       F
            +---------+---------+-------+---------+---------+-------
      Total |     274 |      10 |   3.5 |      59 |       5 |   7.8
            +---------+---------+-------+---------+---------+-------
        D:1 |      48 |      10 |  17.2 |      17 |       5 |  22.7
        D:2 |      22 |       0 |   0.0 |      14 |       0 |   0.0
        D:3 |     204 |       0 |   0.0 |      28 |       0 |   0.0
            +---------+---------+-------+---------+---------+-------

Illustrated notes

Table legend:
 A = Kills in this place as a percentage of kills in entire the game.
 B = Kills by you in this place as a percentage of kills by you in the entire game.
 C = Kills by friends in this place as a percentage of kills by friends in the entire game.
 D = Other kills in this place as a percentage of other kills in the entire game.
 E = Experience gained in this place as a percentage of experience gained in the entire game.
 F = Experience gained in this place divided by the number of levels of this place that you have seen.
                   A       B       C       D       E      F
               +-------+-------+-------+-------+-------+----------------------
         Total | 100.0 | 100.0 |   N/A |   N/A | 100.0 |  94.7
       Dungeon | 100.0 | 100.0 |   N/A |   N/A | 100.0 |  94.7
               +-------+-------+-------+-------+-------+----------------------

Table legend: (Time is in decaauts)
 A = Elapsed time spent in this place.
 B = Non-inter-level travel time spent in this place.
 C = Inter-level travel time spent in this place.
 D = Time resting spent in this place.
 E = Time spent auto-exploring this place.
 F = Levels seen in this place.
 G = Mean time per level.
                   A        B        C        D        E       F      G
               +--------+--------+--------+--------+--------+-----+--------+
         Total |   3712 |   3652 |     60 |    319 |   2816 |   3 | 1237.3 |
       Dungeon |   3712 |   3652 |     60 |    319 |   2816 |   3 | 1237.3 |
               +--------+--------+--------+--------+--------+-----+--------+

Top non-repeatable levels by time:
     D:3: 1698 daAuts
     D:1: 1349 daAuts
     D:2: 665 daAuts
